[Event "FIDE World Rapid Chess Championship 2021"]
[White "Onyshchuk, Volodymyr"]
[Black "Tari, Aryan"]
[WhiteFideId "14114038"]
[BlackFideId "1510045"]
[WhiteElo "2687"]
[BlackElo "2542"]
[Result "1-0"]
[Round "02"]
[TimeControl "900+10"]
[Date "2021.12.26"]
[WhiteClock "0:01:32"]
[BlackClock "0:00:12"]

1. e4 e5 2. Nf3 Nc6 3. Bc4 Nf6 4. d3 Bc5 5. Nbd2 O-O 6. O-O d6 7. c3 a5 8. h3 h6 9. Re1 Be6 10. a4 Bxc4 11. dxc4 Nh7 12. Nf1 f5 13. exf5 Rxf5 14. Ng3 Rf7 15. Ne4 Ba7 16. Be3 Bxe3 17. Rxe3 b6 18. Qd5 Ne7 19. Qd3 Nf6 20. Nxf6+ Rxf6 21. Nd2 Qe8 22. Ne4 Rf7 23. b3 Qc6 24. Rf3 Raf8 25. Rxf7 Rxf7 26. Re1 Qa8 27. Qe2 Qc8 28. Qg4 Qf5 29. g3 Nc6 30. Rd1 Nb8 31. Qxf5 Rxf5 32. b4 Nc6 33. c5 dxc5 34. bxc5 Rf8 35. Rd7 Rf7 36. Rd5 Kf8 37. Kf1 Re7 38. cxb6 cxb6 39. Rb5 Ke8 40. Rxb6 Kd7 41. Rb7+ Ke6 42. Rb5 Kd7 43. Ke2 Kc7 44. Nc5 Re8 45. Rb7+ Kd6 46. Ne4+ Kd5 47. Kd3 Re7 48. Rb6 Rd7 49. c4+ Ke6+ 50. Ke3 Rc7 51. Nc3 Kd6 52. Ne4+ Ke7 53. Rb5 Ke6 54. Rc5 Rc8 55. Nc3 Ne7 56. Rxc8 Nxc8 57. c5 Kd7 58. Kd3 Kc6 59. Kc4 Ne7 60. Nb5 Nf5 61. g4 Nh4 62. Nd6 Nf3 63. Ne4 Ng5 64. Nd2 Nxh3 65. Nf3 Nxf2 66. Nxe5+ Kc7 67. Kb5 Ne4 68. Nd3 Nf6 69. Nf4 g5 70. Ne6+ Kd7 71. Nd4 Nxg4 72. c6+ Kc7 73. Ne6+ Kc8 74. Kxa5 Ne5 75. Kb5 Nf7 76. a5 Nd6+ 77. Kc5 Ne4+ 78. Kb6 Nc3 79. a6 Nd5+ 80. Kc5 1-0


[Site "http://www.Chess.com"]

[Event "FIDE World Rapid Chess Championship 2021"]
[White "Ghaem Maghami, Ehsan"]
[Black "Jobava, Baadur"]
[WhiteFideId "12500739"]
[BlackFideId "13601520"]
[WhiteElo "2553"]
[BlackElo "2679"]
[Result "0-1"]
[Round "02"]
[TimeControl "900+10"]
[Date "2021.12.26"]
[WhiteClock "0:00:01"]
[BlackClock "0:00:25"]

1. e4 c6 2. d4 d5 3. exd5 cxd5 4. c4 Nf6 5. Nc3 Nc6 6. Bg5 dxc4 7. Bxc4 h6 8. Be3 e6 9. Nf3 Bd6 10. O-O O-O 11. Qd2 Ne7 12. Bd3 Nf5 13. Ne4 Nxe4 14. Bxe4 Nxe3 15. Qxe3 Qb6 16. Ne5 Be7 17. Bc2 Rd8 18. Qd3 Bf6 19. Rfd1 Kf8 20. Qa3+ Qd6 21. Qf3 Bd7 22. Qxb7 Be8 23. Bb3 a5 24. Qe4 Rab8 25. Rac1 a4 26. Bc2 Rb4 27. Nf3 Rxb2 28. Qh7 Qf4 29. Be4 Re2 30. Bc6 Bxc6 31. Rxc6 Rxd4 32. Qh8+ Ke7 33. Rdc1 Rd7 34. Qa8 Bd4 35. Kh1 Rxf2 36. Rc8 Kf6 37. Qc6 0-1


[Site "http://www.Chess.com"]

[Event "FIDE World Rapid Chess Championship 2021"]
[White "Movsesian, Sergei"]
[Black "Lima, Darcy"]
[WhiteFideId "310204"]
[BlackFideId "2100045"]
[WhiteElo "2667"]
[BlackElo "2505"]
[Result "1/2-1/2"]
[Round "02"]
[TimeControl "900+10"]
[Date "2021.12.26"]
[WhiteClock "0:05:00"]
[BlackClock "0:08:51"]

1. e4 c5 2. Nf3 d6 3. d4 cxd4 4. Nxd4 Nf6 5. Nc3 Nc6 6. h3 g6 7. Bc4 Bg7 8. O-O Nxd4 9. Qxd4 O-O 10. Qd3 Be6 11. Bb3 Rc8 12. Bg5 Qa5 13. Qe3 Rfe8 14. Rad1 Bxb3 15. axb3 Qc5 16. Qxc5 Rxc5 17. Be3 Rc6 18. Bd4 a6 19. e5 dxe5 20. Bxe5 Rec8 21. Rd3 e6 22. Rfd1 Nd5 23. Nxd5 exd5 24. Bxg7 Kxg7 25. c3 Rb6 26. b4 1/2-1/2


[Site "http://www.Chess.com"]

[Event "FIDE World Rapid Chess Championship 2021"]
[White "Kovalev, Vladislav"]
[Black "Harsha, Bharathakoti"]
[WhiteFideId "13504398"]
[BlackFideId "5078776"]
[WhiteElo "2647"]
[BlackElo "2484"]
[Result "0-1"]
[Round "02"]
[TimeControl "900+10"]
[Date "2021.12.26"]
[WhiteClock "0:00:00"]
[BlackClock "0:00:41"]

1. e4 c5 2. Nf3 d6 3. Bb5+ Nd7 4. O-O a6 5. Bd3 Ngf6 6. Re1 e6 7. Bf1 b6 8. d4 cxd4 9. Nxd4 Bb7 10. f3 Be7 11. c4 O-O 12. Nc3 Qc7 13. Be3 Rac8 14. Rc1 Qb8 15. Qd2 Rfe8 16. Kh1 Bd8 17. Qf2 Bc7 18. Qh4 Ne5 19. Qh3 Ng6 20. Bg5 Bd8 21. Be3 Bc7 22. Bg5 Bd8 23. Be3 Rc5 24. Qg3 Bc7 25. Qf2 d5 26. cxd5 Bxh2 27. Nde2 Bd6 28. Bxc5 Bxc5 29. Qg3 Qxg3 30. Nxg3 Bf2 31. dxe6 Bxg3 32. exf7+ Kxf7 33. Red1 b5 34. Ne2 Be5 35. b3 Nf4 36. Nd4 N4h5 37. Kg1 Bf4 38. Rc3 Rd8 39. Rcd3 Ng3 40. Kf2 Nh1+ 41. Kg1 Ng3 42. Kf2 Rc8 43. a4 b4 44. Ne2 Nxe2 45. Bxe2 Rc7 46. a5 Be5 47. Rd8 Ke7 48. Bc4 Rc5 49. Ke3 Rxa5 50. R8d2 g5 51. Kf2 Rc5 52. Rd8 a5 53. Ke3 a4 54. R8d3 a3 0-1


[Site "http://www.Chess.com"]

[Event "FIDE World Rapid Chess Championship 2021"]
[White "Tang, Andrew"]
[Black "Antipov, Mikhail Al."]
[WhiteFideId "2059630"]
[BlackFideId "4107012"]
[WhiteElo "2427"]
[BlackElo "2644"]
[Result "0-1"]
[Round "02"]
[TimeControl "900+10"]
[Date "2021.12.26"]
[WhiteClock "0:00:15"]
[BlackClock "0:00:26"]

1. d4 Nf6 2. Nf3 g6 3. Nbd2 Bg7 4. e4 d6 5. Bd3 O-O 6. O-O Nfd7 7. Re1 e5 8. dxe5 dxe5 9. Nc4 Qe7 10. Bg5 f6 11. Bh4 Qf7 12. c3 Nc5 13. Bf1 Be6 14. Nfd2 Nc6 15. Qc2 Rad8 16. Ne3 Ne7 17. b4 Nd7 18. Bc4 h5 19. f3 Bh6 20. Qb3 Bxc4 21. Ndxc4 Nb6 22. Rad1 Nxc4 23. Nxc4 Kg7 24. Bf2 b6 25. a4 Nc8 26. Rb1 Rd3 27. b5 Rfd8 28. a5 Nd6 29. Nxd6 Qxb3 30. Rxb3 R8xd6 31. axb6 axb6 32. Kf1 Kf7 33. Ra1 Ke6 34. Be1 f5 35. exf5+ gxf5 36. Ra7 Rd7 37. Rb4 Rd1 38. Ra2 Bd2 39. Rxd2 R7xd2 40. Rc4 Rc2 0-1


[Site "http://www.Chess.com"]

[Event "FIDE World Rapid Chess Championship 2021"]
[White "Alekseenko, Kirill"]
[Black "Bellahcene, Bilel"]
[WhiteFideId "4135539"]
[BlackFideId "696358"]
[WhiteElo "2637"]
[BlackElo "2397"]
[Result "1-0"]
[Round "02"]
[TimeControl "900+10"]
[Date "2021.12.26"]
[WhiteClock "0:00:54"]
[BlackClock "0:00:15"]

1. e4 c5 2. Nf3 e6 3. d4 cxd4 4. Nxd4 Nf6 5. Nc3 Nc6 6. Nxc6 bxc6 7. e5 Nd5 8. Ne4 Qc7 9. f4 Qb6 10. a3 Ne3 11. Qd3 Nxf1 12. Rxf1 Ba6 13. c4 f5 14. exf6 d5 15. f7+ Kxf7 16. f5 h6 17. Be3 Qb7 18. fxe6+ Kg8 19. Nd2 Qe7 20. O-O-O Qxe6 21. Qc3 Kh7 22. Rde1 Qg6 23. Nf3 Bd6 24. Nh4 Qe4 25. Bxh6 Qxc4 26. Qxc4 Bxc4 27. Rf7 Raf8 28. Rd7 Kxh6 29. Rxd6+ Rf6 30. Ree6 c5 31. Rxf6+ gxf6 32. Rc6 Kg5 33. Nf3+ Kf4 34. Rxf6+ Ke3 35. Ne5 Be2 36. Re6 Kf2 37. Kd2 Bf1 38. g3 d4 39. Rf6+ Kg2 40. Ke1 Re8 41. Rf2+ Kh3 42. Kxf1 Rxe5 43. Re2 Rf5+ 44. Rf2 Re5 45. Rf4 Rh5 46. Kf2 a5 47. b3 Rh8 48. Kf3 Rh7 49. a4 Rh6 50. Rf5 Kxh2 51. Rxc5 Re6 52. Rh5+ Kg1 53. Rd5 Re3+ 54. Kf4 Kf2 55. Rxd4 Rf3+ 56. Ke4 Rxb3 57. g4 Kg3 58. Kf5 Kh4 59. g5+ Kh5 60. Rd5 Rf3+ 61. Ke6 Kg6 62. Rxa5 Rf4 63. Kd6 Rc4 64. Kd5 Rf4 65. Kc6 Rb4 66. Kc5 Rb1 67. Rb5 Ra1 68. a5 1-0


[Site "http://www.Chess.com"]

[Event "FIDE World Rapid Chess Championship 2021"]
[White "Sjugirov, Sanan"]
[Black "Van Foreest, Lucas"]
[WhiteFideId "4189302"]
[BlackFideId "1039792"]
[WhiteElo "2634"]
[BlackElo "2374"]
[Result "0-1"]
[Round "02"]
[TimeControl "900+10"]
[Date "2021.12.26"]
[WhiteClock "0:00:21"]
[BlackClock "0:06:23"]

1. Nf3 d5 2. g3 Nf6 3. Bg2 e6 4. O-O Be7 5. c4 O-O 6. b3 d4 7. e3 c5 8. Ne5 Qc7 9. f4 Nfd7 10. Nd3 Nc6 11. e4 f5 12. Nf2 e5 13. d3 Nf6 14. exf5 Bxf5 15. g4 Bd7 16. f5 g6 17. fxg6 e4 18. gxh7+ Kh8 19. dxe4 Nxh7 20. Nd2 Ne5 21. h3 Bh4 22. Qe2 Ng5 23. Nd3 Nxd3 24. Qxd3 Qe5 25. Bb2 Kg7 26. Rxf8 Rxf8 27. Rf1 Rxf1+ 28. Nxf1 Bc6 29. Bc1 Nxe4 30. Qe2 Bf2+ 31. Kh1 Ng3+ 0-1


[Site "http://www.Chess.com"]

[Event "FIDE World Rapid Chess Championship 2021"]
[White "Volokitin, Andrei"]
[Black "Wieczorek, Oskar"]
[WhiteFideId "14107090"]
[BlackFideId "1133950"]
[WhiteElo "2631"]
[BlackElo "2367"]
[Result "1-0"]
[Round "02"]
[TimeControl "900+10"]
[Date "2021.12.26"]
[WhiteClock "0:00:51"]
[BlackClock "0:00:16"]

1. e4 c5 2. Nf3 g6 3. d4 cxd4 4. Nxd4 Nc6 5. c4 Nf6 6. Nc3 d6 7. f3 Nxd4 8. Qxd4 Bg7 9. Be3 O-O 10. Qd2 Be6 11. Rc1 a6 12. b3 Rc8 13. Be2 Qa5 14. O-O Rfe8 15. Rfd1 Nd7 16. Nd5 Qxd2 17. Rxd2 Bxd5 18. Rxd5 Rc6 19. b4 Rec8 20. c5 Nb6 21. Rdd1 dxc5 22. Rxc5 Rxc5 23. bxc5 Na4 24. c6 bxc6 25. Bxa6 Rb8 26. Bf4 e5 27. Bg5 Bf8 28. Rd8 Rxd8 29. Bxd8 Bc5+ 30. Kf1 Bd4 31. Bc4 Kf8 32. Ke2 Ke8 33. Ba5 Ke7 34. Bd2 h5 35. Bb3 Nc5 36. Bc2 Ne6 37. a4 Kd6 38. a5 Ba7 39. g3 Nd4+ 40. Kd3 Nxf3 41. Bb4+ c5 42. Bc3 Nd4 43. Ba4 f5 44. Be8 f4 45. Bxg6 c4+ 46. Kxc4 f3 47. Bxd4 Bxd4 48. Bxh5 Bg1 49. Bxf3 Bxh2 50. g4 Bg1 51. g5 Ke6 52. Bg4+ Kd6 53. g6 Ke7 54. Kd5 1-0


[Site "http://www.Chess.com"]

[Event "FIDE World Rapid Chess Championship 2021"]
[White "Dziuba, Marcin"]
[Black "Predke, Alexandr"]
[WhiteFideId "1112953"]
[BlackFideId "24107581"]
[WhiteElo "2424"]
[BlackElo "2630"]
[Result "1-0"]
[Round "02"]
[TimeControl "900+10"]
[Date "2021.12.26"]
[WhiteClock "0:00:32"]
[BlackClock "0:00:22"]

1. d4 d5 2. c4 e6 3. Nf3 Nf6 4. Nc3 Bb4 5. cxd5 exd5 6. Bg5 O-O 7. e3 c5 8. dxc5 Nbd7 9. Qd4 Qa5 10. Bxf6 Nxf6 11. Bd3 Ne4 12. O-O Nxc3 13. bxc3 Bxc3 14. Qh4 h6 15. Rac1 Bf6 16. Qh5 Qxa2 17. Rfd1 Rd8 18. g4 Qa4 19. h3 Qe8 20. Bb1 Bd7 21. Re1 Qf8 22. Qxd5 Be6 23. Qe4 g6 24. Qf4 Bb2 25. Rcd1 Qxc5 26. Qxh6 Bg7 27. Qh4 Rd5 28. Be4 Rxd1 29. Rxd1 Qb4 30. Ng5 Bb3 31. Rd7 Qe1+ 32. Kg2 Bc4 33. Bd3 Qd1 34. Bxc4 Qxd7 35. Bxf7+ Kf8 36. Bxg6 a5 37. Bf5 Qc6+ 38. e4 Re8 39. Qh5 Re7 40. Be6 Bf6 41. Bd5 Qc3 42. Qg6 Rg7 43. Ne6+ Ke7 44. Nxg7 Bxg7 45. Qf7+ Kd6 46. Qxb7 Be5 47. h4 Bd4 48. Qa6+ Kc7 49. Qc4+ Kd6 50. Qxc3 Bxc3 51. f4 1-0


[Site "http://www.Chess.com"]

[Event "FIDE World Rapid Chess Championship 2021"]
[White "Vidit, Santosh Gujrathi"]
[Black "Sargsyan, Shant"]
[WhiteFideId "5029465"]
[BlackFideId "13306766"]
[WhiteElo "2629"]
[BlackElo "2344"]
[Result "1-0"]
[Round "02"]
[TimeControl "900+10"]
[Date "2021.12.26"]
[WhiteClock "0:03:00"]
[BlackClock "0:00:17"]

1. d4 Nf6 2. c4 e6 3. Nf3 d5 4. Nc3 Bb4 5. Bg5 h6 6. Bxf6 Qxf6 7. Qa4+ Nc6 8. e3 O-O 9. Be2 dxc4 10. O-O Qg6 11. Ne5 Nxe5 12. Qxb4 Nd7 13. Qxc4 c6 14. Rfd1 e5 15. d5 Nb6 16. Qb4 cxd5 17. Nxd5 Nxd5 18. Rxd5 a5 19. Rxa5 Rxa5 20. Qxa5 Qc2 21. Qb5 Rd8 22. Bc4 Be6 23. Bxe6 fxe6 24. h3 Rd2 25. Rf1 Qxb2 26. Qe8+ Kh7 27. Qxe6 h5 28. a4 b6 29. Qf7 Kh6 30. g4 g6 31. Qf8+ Kh7 32. gxh5 gxh5 33. Qf5+ Kh6 34. Rb1 1-0


[Site "http://www.Chess.com"]

[Event "FIDE World Rapid Chess Championship 2021"]
[White "Anton Guijarro, David"]
[Black "Niemann, Hans Moke"]
[WhiteFideId "2285525"]
[BlackFideId "2093596"]
[WhiteElo "2627"]
[BlackElo "2327"]
[Result "1/2-1/2"]
[Round "02"]
[TimeControl "900+10"]
[Date "2021.12.26"]
[WhiteClock "0:00:34"]
[BlackClock "0:11:21"]

1. Nf3 Nf6 2. c4 c6 3. d4 d5 4. e3 Bg4 5. h3 Bh5 6. Nc3 e6 7. g4 Bg6 8. Ne5 Nbd7 9. Nxg6 hxg6 10. g5 Ne4 11. Nxe4 dxe4 12. h4 Qa5+ 13. Bd2 Bb4 14. a3 Bxd2+ 15. Qxd2 Qxd2+ 16. Kxd2 f5 17. c5 Ke7 18. b4 a6 19. Bc4 b5 20. Be2 e5 21. a4 exd4 22. exd4 Rhd8 23. Kc3 Nf8 24. axb5 axb5 25. d5 cxd5 26. Bxb5 d4+ 27. Kc4 d3 28. Kc3 Ne6 29. Bc4 Kd7 30. c6+ Kd6 31. Bxe6 Kxe6 32. b5 Rab8 33. c7 Rdc8 34. Ra6+ Ke5 35. b6 Rxb6 36. Rxb6 Rxc7+ 37. Kb3 Kf4 38. Rxg6 Kf3 39. h5 Kg2 40. Rh4 Rd7 41. Ra6 d2 42. Ra1 d1=Q+ 43. Rxd1 Rxd1 44. h6 gxh6 45. gxh6 Rd8 46. Rf4 Rh8 47. Rxf5 Rxh6 48. Rf4 1/2-1/2


[Site "http://www.Chess.com"]

[Event "FIDE World Rapid Chess Championship 2021"]
[White "Jakubowski, Krzysztof"]
[Black "Cheparinov, Ivan"]
[WhiteFideId "1112848"]
[BlackFideId "2905540"]
[WhiteElo "2399"]
[BlackElo "2621"]
[Result "1/2-1/2"]
[Round "02"]
[TimeControl "900+10"]
[Date "2021.12.26"]
[WhiteClock "0:02:14"]
[BlackClock "0:03:57"]

1. e4 e5 2. Nf3 Nc6 3. Bc4 Nf6 4. d3 Bc5 5. c3 d6 6. O-O O-O 7. a4 a5 8. Na3 h6 9. h3 Ne7 10. Nc2 Ng6 11. Re1 Re8 12. d4 Bb6 13. dxe5 Nxe5 14. Nxe5 dxe5 15. Be3 Bxe3 16. Nxe3 Be6 17. Qf3 Bxc4 18. Nxc4 Qd7 19. Qf5 Qxf5 20. exf5 e4 21. Rad1 b6 22. Rd4 Rad8 23. Red1 Rxd4 24. Rxd4 h5 25. Kf1 Rb8 26. Ne5 b5 27. axb5 Rxb5 28. Rd8+ Kh7 29. Nd7 Rxf5 30. Nxf6+ gxf6 31. Ke2 Rb5 32. Ke3 Rxb2 33. Rd5 Kg6 34. Rxa5 f5 35. h4 f4+ 36. Kxe4 Rxf2 37. Rg5+ Kh6 38. Rf5 Kg6 39. Rg5+ Kh6 40. Rf5 Kg6 1/2-1/2


[Site "http://www.Chess.com"]

[Event "FIDE World Rapid Chess Championship 2021"]
[White "Dreev, Aleksey"]
[Black "Samunenkov, Ihor"]
[WhiteFideId "4100107"]
[BlackFideId "14187086"]
[WhiteElo "2621"]
[BlackElo "2259"]
[Result "1/2-1/2"]
[Round "02"]
[TimeControl "900+10"]
[Date "2021.12.26"]
[WhiteClock "0:00:59"]
[BlackClock "0:00:26"]

1. d4 d5 2. c4 e6 3. Nc3 a6 4. cxd5 exd5 5. Nf3 Nf6 6. Bg5 Be6 7. e3 Nbd7 8. Bd3 Bd6 9. O-O c6 10. Bf4 Qc7 11. Bxd6 Qxd6 12. h3 O-O 13. Qc2 g6 14. Rab1 Qe7 15. Ng5 Ne8 16. Nxe6 Qxe6 17. b4 Nd6 18. a4 Nb6 19. b5 cxb5 20. axb5 a5 21. Na4 Nbc4 22. Qe2 b6 23. Rfc1 Rfc8 24. Qg4 Ra7 25. Qxe6 fxe6 26. f3 Rac7 27. e4 dxe4 28. fxe4 e5 29. dxe5 Nxe5 30. Rxc7 Rxc7 31. Be2 Nxe4 32. Nxb6 Nc3 33. Re1 Nxe2+ 34. Rxe2 Rc5 35. Rb2 Nd3 36. Ra2 Rxb5 37. Nc4 Nb4 38. Rxa5 Rxa5 39. Nxa5 Nd5 40. Nc4 Kf7 41. Kf2 Kf6 42. Kf3 Ke6 43. Kg4 Kf6 44. Nd2 Ne3+ 45. Kf3 Nf5 46. Kf4 g5+ 47. Kg4 Kg6 48. Kf3 h5 49. Nc4 Kf6 50. Ke4 Ke6 51. Nd2 Nd6+ 52. Kf3 Kf5 53. Nf1 g4+ 54. hxg4+ hxg4+ 55. Ke3 Ke5 56. g3 1/2-1/2


[Site "http://www.Chess.com"]

[Event "FIDE World Rapid Chess Championship 2021"]
[White "Muradli, Mahammad"]
[Black "Erdos, Viktor"]
[WhiteFideId "13409301"]
[BlackFideId "719978"]
[WhiteElo "2285"]
[BlackElo "2601"]
[Result "1-0"]
[Round "02"]
[TimeControl "900+10"]
[Date "2021.12.26"]
[WhiteClock "0:00:22"]
[BlackClock "0:00:33"]

1. c4 c5 2. Nf3 Nf6 3. Nc3 d5 4. cxd5 Nxd5 5. d4 Nxc3 6. bxc3 g6 7. e3 Bg7 8. Bb5+ Bd7 9. a4 Qa5 10. Qb3 cxd4 11. exd4 O-O 12. Ba3 Rc8 13. Bb4 Qc7 14. O-O a5 15. Bxd7 Qxd7 16. Bc5 Na6 17. Bb6 Rc6 18. Rfe1 Nb4 19. Bc5 Nd5 20. c4 Nf4 21. Rab1 Nd3 22. Qxd3 Rxc5 23. Red1 Rc7 24. Rb5 Rac8 25. Rc1 e5 26. Nxe5 Bxe5 27. Rxe5 Qxa4 28. c5 Rd7 29. d5 Kg7 30. d6 b6 31. Qc3 f6 32. Re6 Rxc5 33. Qxf6+ Kh6 34. Qf8+ Kh5 35. Rxc5+ bxc5 36. Re5+ Kh4 37. Qh6+ 1-0


[Site "http://www.Chess.com"]

[Event "FIDE World Rapid Chess Championship 2021"]
[White "Suleymanli, Aydin"]
[Black "Quparadze, Giga"]
[WhiteFideId "13413937"]
[BlackFideId "13602250"]
[WhiteElo "2202"]
[BlackElo "2583"]
[Result "0-1"]
[Round "02"]
[TimeControl "900+10"]
[Date "2021.12.26"]
[WhiteClock "0:00:33"]
[BlackClock "0:08:15"]

1. d4 Nf6 2. Bg5 d5 3. Nd2 Nbd7 4. e3 h6 5. Bh4 e5 6. c3 Bd6 7. dxe5 Nxe5 8. Ngf3 Ng6 9. Bg3 O-O 10. Bd3 b6 11. Qc2 Bxg3 12. hxg3 Qe8 13. c4 c5 14. cxd5 Nxd5 15. a3 Bb7 16. Nc4 Rd8 17. O-O-O b5 18. Bxg6 bxc4 19. Bh7+ Kh8 20. Bf5 c3 21. e4 Nf6 22. Rxd8 Qxd8 23. Qxc3 Bxe4 24. Nh4 Qd5 25. Bxe4 Nxe4 26. Qc2 Rd8 27. Re1 Nd2 28. Nf5 Qa2 29. Nd4 cxd4 30. Kxd2 d3 31. Qc3 Rb8 32. Re5 Qb1 33. Rc5 Rxb2+ 34. Ke3 Re2+ 35. Kf3 d2 36. Rc6 0-1


[Site "http://www.Chess.com"]

[Event "FIDE World Rapid Chess Championship 2021"]
[White "Gareyev, Timur"]
[Black "Gukesh, D"]
[WhiteFideId "14200937"]
[BlackFideId "46616543"]
[WhiteElo "2578"]
[BlackElo "2050"]
[Result "1-0"]
[Round "02"]
[TimeControl "900+10"]
[Date "2021.12.26"]
[WhiteClock "0:01:13"]
[BlackClock "0:00:17"]

1. d4 Nf6 2. c4 e6 3. Nc3 Bb4 4. Qc2 O-O 5. a3 Bxc3+ 6. Qxc3 d5 7. e3 b6 8. Nf3 Ba6 9. b3 Nbd7 10. Be2 c5 11. O-O Rc8 12. a4 cxd4 13. Nxd4 dxc4 14. bxc4 Ne4 15. Qb4 Ne5 16. Ba3 Nc5 17. Rad1 Qe7 18. Nb5 Rfd8 19. Qb1 h6 20. Rd4 Nc6 21. Rfd1 Qg5 22. h4 Qf6 23. Rxd8+ Rxd8 24. Rxd8+ Qxd8 25. Bxc5 bxc5 26. Qe4 Qd7 27. Bf3 Na5 28. Qf4 Qe7 29. h5 e5 30. Qf5 Nxc4 31. Be4 Kf8 32. Qh7 Qd7 33. Bf3 Bxb5 34. axb5 Nd2 35. Bc6 Qd6 36. Qh8+ Ke7 37. Qa8 Qc7 38. Qe8+ Kf6 39. Qf8 Qe7 40. Qc8 Qd6 41. e4 Nb3 42. Qf5+ Ke7 43. Bd5 Nd4 44. Qxf7+ Kd8 45. Qxa7 Nxb5 46. Qxg7 Nc3 47. Qg8+ Kc7 48. Qg7+ Kd8 49. Bb3 Ne2+ 50. Kh2 Nf4 51. g3 Qd4 52. gxf4 Qxf2+ 53. Kh3 Qf3+ 54. Qg3 Qh1+ 55. Kg4 Qxe4 56. Qf3 Qb4 57. Qd5+ Kc8 58. Qe6+ Kd8 59. Qf6+ 1-0


[Site "http://www.Chess.com"]

[Event "FIDE World Rapid Chess Championship 2021"]
[White "Aronian, Levon"]
[Black "Aditya, Mittal"]
[WhiteFideId "13300474"]
[BlackFideId "35042025"]
[WhiteElo "2728"]
[BlackElo "1488"]
[Result "1-0"]
[Round "02"]
[TimeControl "900+10"]
[Date "2021.12.26"]
[WhiteClock "0:06:19"]
[BlackClock "0:03:00"]

1. d4 Nf6 2. Bf4 d5 3. e3 c5 4. Nf3 Nc6 5. Nbd2 e6 6. c3 cxd4 7. exd4 Nh5 8. Be3 Bd6 9. Ne5 Nf6 10. f4 Qb6 11. Qb3 Ng8 12. Bd3 Nge7 13. g3 f6 14. Nef3 Bd7 15. O-O O-O 16. Qc2 Nf5 17. Rae1 Rac8 18. Qb1 g6 19. Bf2 Nd8 20. c4 Qc7 21. c5 Be7 22. b4 Nf7 23. b5 Qb8 24. g4 Ng7 25. f5 gxf5 26. Bg3 e5 27. Nh4 Nh6 28. g5 Nf7 29. Ndf3 Be6 30. Nxf5 Bxf5 31. Bxf5 Nxf5 32. Qxf5 fxg5 33. Nxe5 Nxe5 34. Qe6+ 1-0


[Site "http://www.Chess.com"]

[Event "FIDE World Rapid Chess Championship 2021"]
[White "Pichot, Alan"]
[Black "Vachier-Lagrave, Maxime"]
[WhiteFideId "110973"]
[BlackFideId "623539"]
[WhiteElo "2523"]
[BlackElo "2773"]
[Result "1/2-1/2"]
[Round "02"]
[TimeControl "900+10"]
[Date "2021.12.26"]
[WhiteClock "0:02:15"]
[BlackClock "0:02:04"]

1. e4 e6 2. d4 d5 3. Nc3 Nf6 4. e5 Nfd7 5. f4 c5 6. Nf3 Nc6 7. Be3 a6 8. Qd2 b5 9. dxc5 Bxc5 10. Bd3 Qb6 11. Bf2 h6 12. O-O Bxf2+ 13. Qxf2 Qxf2+ 14. Kxf2 g5 15. g3 f6 16. exf6 Nxf6 17. Rae1 gxf4 18. gxf4 Kd8 19. Rg1 Ra7 20. Ne2 Rf7 21. Ned4 Nxd4 22. Nxd4 Nh5 23. Nxe6+ Bxe6 24. Rxe6 Rxf4+ 25. Ke1 Ra4 26. b3 Rxa2 27. Rg4 Rf8 28. Rxh6 Nf4 29. Kd2 Rf7 30. Ke3 Nxd3 31. Kxd3 Ra1 32. Kc3 Ra2 33. Rd6+ Kc8 34. Rc6+ Kb7 35. Rc5 1/2-1/2


[Site "http://www.Chess.com"]

[Event "FIDE World Rapid Chess Championship 2021"]
[White "Durarbayli, Vasif"]
[Black "Giri, Anish"]
[WhiteFideId "13402935"]
[BlackFideId "24116068"]
[WhiteElo "2532"]
[BlackElo "2767"]
[Result "0-1"]
[Round "02"]
[TimeControl "900+10"]
[Date "2021.12.26"]
[WhiteClock "0:00:33"]
[BlackClock "0:01:01"]

1. e4 c5 2. b3 g6 3. Bb2 Nf6 4. e5 Nd5 5. Nc3 Nb4 6. Ne4 Bg7 7. Nxc5 d6 8. Bb5+ N8c6 9. a3 dxc5 10. axb4 cxb4 11. Nf3 O-O 12. h3 Be6 13. Bxc6 bxc6 14. O-O c5 15. d3 a5 16. Ng5 Bd5 17. Qg4 f5 18. Qe2 h6 19. Nf3 Qc7 20. Nd2 Ra6 21. f4 Rfa8 22. Kh2 a4 23. bxa4 Rxa4 24. Rab1 Ra2 25. Rg1 Qc6 26. g4 Rf8 27. Qe3 g5 28. gxf5 Rxf5 29. Rg4 Rxf4 30. Rxf4 gxf4 31. Qxf4 Rxb2 32. Rxb2 Qg6 33. Ne4 Bxe4 34. dxe4 Qh5 35. Rb3 Bxe5 36. Rg3+ Kh7 37. Qf2 Qg6 38. Kg2 Qxg3+ 39. Qxg3 Bxg3 40. Kxg3 c4 41. Kf4 b3 0-1


[Site "http://www.Chess.com"]

[Event "FIDE World Rapid Chess Championship 2021"]
[White "Michalik, Peter"]
[Black "Karjakin, Sergey"]
[WhiteFideId "14907526"]
[BlackFideId "14109603"]
[WhiteElo "2515"]
[BlackElo "2757"]
[Result "1-0"]
[Round "02"]
[TimeControl "900+10"]
[Date "2021.12.26"]
[WhiteClock "0:03:11"]
[BlackClock "0:03:07"]

1. e4 c5 2. Nf3 d6 3. Bb5+ Nd7 4. d4 cxd4 5. Qxd4 a6 6. Bxd7+ Bxd7 7. O-O Nf6 8. c4 g6 9. Nc3 Bg7 10. Qd3 O-O 11. Be3 b5 12. cxb5 axb5 13. a3 Qb8 14. Bd4 e5 15. Be3 Be6 16. Nd2 d5 17. exd5 Bf5 18. Qe2 b4 19. axb4 Qxb4 20. Nc4 h5 21. h3 Nd7 22. g4 hxg4 23. hxg4 Bc2 24. Qxc2 Qxc4 25. Ra4 Qc8 26. g5 e4 27. Rxa8 Qxa8 28. Rd1 Qc8 29. Qxe4 Ne5 30. Kg2 Nc4 31. d6 Nxb2 32. Nd5 1-0


[Site "http://www.Chess.com"]

[Event "FIDE World Rapid Chess Championship 2021"]
[White "Christiansen, Johan-Sebastian"]
[Black "Wojtaszek, Radoslaw"]
[WhiteFideId "1512668"]
[BlackFideId "1118358"]
[WhiteElo "2522"]
[BlackElo "2743"]
[Result "0-1"]
[Round "02"]
[TimeControl "900+10"]
[Date "2021.12.26"]
[WhiteClock "0:02:20"]
[BlackClock "0:02:49"]

1. e4 c6 2. d4 d5 3. Nd2 dxe4 4. Nxe4 Bf5 5. Ng3 Bg6 6. h4 h6 7. Nh3 Nf6 8. Nf4 Bh7 9. Bc4 e6 10. O-O Bd6 11. Re1 O-O 12. Ngh5 Nxh5 13. Nxh5 Bg6 14. Qg4 Qa5 15. Nf6+ gxf6 16. Rxe6 h5 17. Qe2 fxe6 18. Qxe6+ Bf7 19. Qxd6 Bxc4 20. Bh6 Rf7 21. b3 Kh7 22. Be3 Bd5 23. Qf4 Nd7 24. Bd2 Qd8 25. c4 Bxg2 26. Kxg2 Rg7+ 27. Kh1 Nf8 28. Qf5+ Kg8 29. d5 Qd7 30. Qf3 Qg4 0-1


[Site "http://www.Chess.com"]

[Event "FIDE World Rapid Chess Championship 2021"]
[White "Oparin, Grigoriy"]
[Black "Maghsoodloo, Parham"]
[WhiteFideId "24125890"]
[BlackFideId "12539929"]
[WhiteElo "2725"]
[BlackElo "2512"]
[Result "0-1"]
[Round "02"]
[TimeControl "900+10"]
[Date "2021.12.26"]
[WhiteClock "0:00:13"]
[BlackClock "0:00:22"]

1. Nf3 Nf6 2. c4 e6 3. g3 a6 4. Nc3 d5 5. cxd5 exd5 6. d4 Bd6 7. Bg2 Nbd7 8. Nh4 c6 9. Nf5 Bf8 10. Qd3 Nb6 11. O-O Be6 12. Re1 Qd7 13. Nh4 Be7 14. Nf3 Bf5 15. Qd1 O-O 16. Ne5 Qe6 17. Qb3 c5 18. Be3 c4 19. Qd1 Ne4 20. Bf4 f6 21. Nf3 Bb4 22. Bd2 Bxc3 23. Bxc3 Bh3 24. Bh1 Qf5 25. Ba5 Nc8 26. Qc1 Re8 27. Qf4 Qxf4 28. gxf4 b5 29. Nd2 Bf5 30. f3 Nxd2 31. Bxd2 Ne7 32. e4 Be6 33. f5 Bf7 34. Bc3 Nc6 35. b4 Red8 36. a3 Rab8 37. Rad1 Rb7 38. e5 Ne7 39. f4 Nxf5 40. Kf2 Rb6 41. Bf3 Nh4 42. Be2 Bg6 43. Rg1 Be4 44. Bg4 Rf8 45. Kg3 Ng6 46. Rdf1 Ne7 47. h4 f5 48. Be2 Rg6+ 49. Kf2 Rxg1 50. Rxg1 Nc6 51. Ke3 Ra8 52. a4 bxa4 53. Ra1 Bc2 54. Kd2 Bb3 55. Bf3 Rd8 56. e6 Kf8 57. h5 Ke7 58. Rg1 Kf6 59. Kc1 a3 60. Re1 Rd6 61. Re5 Ne7 62. Be1 Rxe6 63. Bh4+ Kf7 64. Bxd5 Nxd5 65. Rxd5 a2 66. Rxf5+ Ke8 67. Kb2 c3+ 68. Ka1 Rc6 69. Re5+ Kf7 70. Re1 Rc4 71. Rc1 Rxd4 72. Bf2 Rd3 73. Be1 c2 0-1


[Site "http://www.Chess.com"]